 Dungeon Crawl Stone Soup version 0.19.4-9-g45fd643 (webtiles) character file.

247 empire the Cutter (level 5, 0/46 HPs)
             Began as a Draconian Monk on Feb 17, 2017.
             Succumbed to an orc wizard's poison
             ... on level 3 of the Dungeon.
             The game lasted 00:04:52 (2498 turns).

empire the Cutter (Draconian Monk)                  Turns: 2498, Time: 00:04:53

Health: 0/46       AC:  5    Str: 12 (13) XL:     5   Next: 85%
Magic:  5/5        EV: 14    Int:  8 (10) God:
Gold:   169        SH:  0    Dex: 14 (15) Spells: 0 memorised, 4 levels left

rFire  . . .     SeeInvis .     a - +0 short sword
rCold  . . .     Gourm    .     (armour unavailable)
rNeg   . . .     Faith    .     (no shield)
rPois  .         Spirit   .     (helmet restricted)
rElec  .         Reflect  .     (no cloak)
rCorr  .         Harm     .     (no gloves)
MR     .....                    (no boots)
Stlth  ++........               (no amulet)
                                (no ring)
                                (no ring)

@: lethally poisoned (0 -> -21), exhausted, slowed, very slow
A: unfitting armour, cold-blooded, AC +5
a: no special abilities


You were on level 3 of the Dungeon.
You were not hungry.

You visited 1 branch of the dungeon, and saw 3 of its levels.

You collected 169 gold pieces.

Inventory:

Hand Weapons
 a - a +0 short sword (weapon)
 h - a +0 dagger of venom
Wands
 p - a wand of random effects (25/48)
 q - a wand of polymorph (6/24)
Scrolls
 d - a scroll of fog {unknown}
 e - a scroll of recharging {unknown}
 f - 2 scrolls of remove curse {unknown}
 m - a scroll of amnesia {unknown}
 n - a scroll of teleportation {unknown}
 o - 3 scrolls of blinking {unknown}
Potions
 c - a potion of brilliance
 k - 2 potions of curing
Comestibles
 b - 2 bread rations
 g - a slice of pizza
 i - a meat ration
 l - 2 chunks of flesh


   Skills:
 + Level 4.1 Fighting
 + Level 4.9 Short Blades
 + Level 3.6 Dodging
 + Level 3.0 Stealth
 * Level 0.8 Evocations


You had 4 spell levels left.
You didn't know any spells.

Dungeon Overview and Level Annotations

Branches:
Dungeon (3/15)

Altars:


Innate Abilities, Weirdness & Mutations

Your plain brown scales are hard. (AC +5)
You cannot fit into any form of body armour.
You are cold-blooded and may be slowed by cold attacks.


Message History

You hit something.
* * * LOW HITPOINT WARNING * * *
You feel sick. Something hits you.
* * * LOW HITPOINT WARNING * * *
You miss something. You tail-slap something!
Reactivating autopickup.
You feel your intelligence returning.
Your Stealth skill increases to level 3!
You feel a bit more experienced.
* * * LOW HITPOINT WARNING * * *
You feel sick.
You are no longer berserk.
You are exhausted.
You feel yourself slow down.
* * * LOW HITPOINT WARNING * * *
You feel sick.
Items here: )) [[ a dagger; a robe; a whip; a leather armour There isn't anything to butcher here.
You die...

..#####.P####....................
........)..........######........
...................# #........
#..).....########### #........
.#######.## #........
.....###..##### #........
####.[........#### ##.......
########.#...)## .......
#.....@.####.... ######...P......
##....♣$... ...P..... .
#.#..♣.≈♣... #.P..≈≈≈....
#...♣♣≈≈≈P.. ..♣≈ ≈♣≈P.. #.P ≈...


There were no monsters in sight!

Vanquished Creatures
  2 orc wizards (D:3)
  Natasha (thrice) (D:3)
  4 adders
  4 worms
  2 dart slugs (D:2)
  A leopard gecko (D:2)
  4 orcs (D:3)
  A ball python (D:1)
  3 giant cockroaches
  11 goblins
  4 hobgoblins
  12 jackals
  2 bats
  5 frilled lizards
  6 kobolds
  A rat (D:2)
65 creatures vanquished.

Notes
Turn   | Place    | Note
-------+----------+-------------------------------------------
     0 | D:1      | empire the Draconian Monk began the quest for the Orb.
     0 | D:1      | Reached XP level 1. HP: 19/19 MP: 1/1
   370 | D:1      | Reached XP level 2. HP: 20/26 MP: 2/2
  1065 | D:2      | Reached XP level 3. HP: 26/31 MP: 3/3
  1426 | D:2      | Reached XP level 4. HP: 28/40 MP: 4/4
  1999 | D:3      | Noticed Natasha
  2009 | D:3      | Killed Natasha
  2197 | D:3      | Reached XP level 5. HP: 39/46 MP: 5/5
  2220 | D:3      | Noticed Natasha
  2233 | D:3      | Killed Natasha
  2424 | D:3      | Noticed Natasha
  2434 | D:3      | Killed Natasha
  2498 | D:3      | Succumbed to an orc wizard's poison

Skill      XL: |  1  2  3  4  5 |
---------------+----------------+-----
Dodging        | 3 |  3.6
Stealth        | 2 3 |  3.0
Short Blades   | 4 |  4.9
Fighting       | 4 |  4.1
Evocations     | |  0.8

Action                   |  1- 3 |  4- 6 || total
-------------------------+-------+-------++-------
Melee: Short sword       |   152 |   150 ||   302
       Tailslap          |    20 |    20 ||    40
  Use: Potion            |     1 |     3 ||     4
       Scroll            |       |     3 ||     3
 Stab: Sleeping          |     2 |     5 ||     7
       Distracted        |       |     1 ||     1
  Eat: Chunk             |     2 |     3 ||     5
Armor: Skin              |    31 |    33 ||    64
Dodge: Dodged            |   103 |   111 ||   214
